 Dungeon Crawl Stone Soup version 0.31-a0-691-g409c26aa35 (webtiles) character file.

Game seed: 8821833622432619365

29 qw the Shooter (level 3, 0/21 HPs)
             Began as a Gargoyle Hunter on Sept 6, 2023.
             Slain by a gnoll
             ... wielding a +0 halberd
              (3 damage)
             ... on level 2 of the Dungeon.
             The game lasted 00:00:20 (951 turns).

qw the Shooter (Gargoyle Hunter)                     Turns: 951, Time: 00:00:20

Health: 0/21       AC:  9    Str: 20    XL:     3   Next: 16%
Magic:  3/3        EV: 11    Int:  9    God:
Gold:   85         SH:  0    Dex: 15    Spells: 2/2 levels left

rFire   . . .        Y - +1 shortbow
rCold   + . .        (shield currently unavailable)
rNeg    + . .        j - +0 ring mail
rPois   inf          (no helmet)
rElec   +            f - +0 cloak
rCorr   .            (no gloves)
SInv    .            (no boots)
Will    .....        (no amulet)
Stlth   +            d - +6 ring of strength
HPRegen 0.23/turn    i - ring of protection from cold
MPRegen 0.08/turn

%: no passive effects
@: no status effects
A: sickness immunity, AC +3, negative energy resistance 1, electricity
resistance, torment resistance 1, petrification resistance
a: no special abilities


You were on level 2 of the Dungeon.
You visited 1 branch of the dungeon, and saw 2 of its levels.

You collected 85 gold pieces.


Innate Abilities, Weirdness & Mutations

You are immune to sickness and miasma.
Your stone body is resilient. (AC +3)
You are immune to poison.
You resist negative energy. (rN+)
You are resistant to electric shocks. (rElec)
You are resistant to unholy torment.
You are immune to petrification.


   Skills:
 - Level 2.1 Fighting
 - Level 5.0 Ranged Weapons
 + Level 0.1 Armour
 - Level 1.5 Dodging
 - Level 1.1 Stealth


You had 2 spell levels left.
You didn't know any spells.
Your spell library was empty.

Inventory:

Hand Weapons
 Y - a +1 shortbow (weapon)
Armour
 f - a +0 cloak (worn)
 j - a +0 ring mail (worn)
Jewellery
 d - a +6 ring of strength (left hand)
 i - a ring of protection from cold (right hand)
Potions
 e - a potion of heal wounds {unknown}
 g - a potion of curing {unknown}

Dungeon Overview and Level Annotations

Branches:
Dungeon (2/15)

Altars:

Shops:
D:1 (


Message History

A ball python comes into view.
You shoot an arrow.
The arrow hits the ball python but does no damage.
The ball python hisses angrily.
You shoot an arrow.
The arrow barely misses the ball python.
You shoot an arrow. The arrow hits the ball python.
You kill the ball python!
You see here a ball python corpse.
A gnoll comes into view. It is wielding a +0 halberd.
The gnoll shouts!
You hear a shout!
The gnoll moves out of view.
A gnoll comes into view. It is wielding a +0 halberd.
The gnoll shouts!
You hear a shout! x2
A gnoll comes into view. It is wielding a +0 spear.
You hear a shout!
944 |||
Found retreat position at 0,-1 (floor) with 0 blocking monsters and 2 monsters attacking at destination at distance 1
944 ||| Stepping ~*~*~tactically~*~*~ (retreating).
945 ||| Stepping ~*~*~tactically~*~*~ (outnumbered).
You shoot an arrow. The arrow closely misses the gnoll.
The gnoll barely misses you.
You shoot an arrow.
The arrow hits the gnoll but does no damage.
The gnoll hits you from afar with a +0 halberd!
The gnoll hits you from afar with a +0 halberd.
You shoot an arrow.
The arrow hits the gnoll but does no damage.
You shoot an arrow. The arrow hits the gnoll.
The gnoll is lightly wounded.
You shoot an arrow. The arrow hits the gnoll!
The gnoll is severely wounded.
The gnoll barely misses you.
A gnoll comes into view. It is wielding a +0 halberd.
You shoot an arrow. The arrow barely misses the gnoll. x2
The gnoll shouts!
The arrow hits the gnoll!
The gnoll is almost dead.
The gnoll hits you from afar with a +0 halberd!
The gnoll hits you from afar with a +0 halberd.
You die...

#######..###
##.#
#...#####.<#
##[...%...##
#......###
#.#....#
#.#....#
#.#....#
#......#
##@##......
#.#####...
#g# ##. #g#
#g. ##.. ..#
... ..g.


You could see 3 gnolls.

Vanquished Creatures
  4 endoplasms (D:1)
  2 giant cockroaches (D:1)
  2 hobgoblins (D:1)
  2 kobolds (D:1)
  3 quokkas (D:1)
  5 ball pythons
  5 goblins (D:1)
  A rat (D:1)
24 creatures vanquished.

Notes
Turn   | Place    | Note
-------+----------+-------------------------------------------
     0 | D:1      | qw the Gargoyle Hunter began the quest for the Orb.
     0 | D:1      | Reached XP level 1. HP: 12/12 MP: 1/1
     0 | D:1      | 0 ||| qw: Version: 0.3-a-76-g4403597
     0 | D:1      | 0 ||| qw: Game counter: 39
     0 | D:1      | 0 ||| qw: Melee chars always use a shield: true
     0 | D:1      | 0 ||| qw: God list: Okawaru
     0 | D:1      | 0 ||| qw: Allow faded altars: false
     0 | D:1      | 0 ||| qw: Do Orc after clearing Dungeon:15 true
     0 | D:1      | 0 ||| qw: Do second Lair branch before Depths: true
     0 | D:1      | 0 ||| qw: Lair rune preference: random
     0 | D:1      | 0 ||| qw: Goals: Normal
     0 | D:1      | 0 ||| PLANNING D:1-11
   213 | D:1      | Reached XP level 2. HP: 6/17 MP: 2/2
   384 | D:1      | Found Ysmuikiq's Weapon Boutique.
   390 | D:1      | 390 ||| SHOPLISTING +2 shortbow of flaming (226 gold, have
                  | 42).
   390 | D:1      | 390 ||| SHOPLISTING +6 heavy sling (451 gold, have 42).
   390 | D:1      | 390 ||| SHOPLISTING +6 orcbow of the World {heavy, rPois
                  | Will+ Dex+4} (799 gold, have 42).
   642 | D:1      | Reached XP level 3. HP: 21/21 MP: 3/3
   784 | D:1      | Found a faded altar of an unknown god.
   833 | D:1      | Reached skill level 5 in Ranged Weapons
   874 | D:1      | 874 ||| UPGRADING to +0 cloak.
   879 | D:1      | 879 ||| UPGRADING to +0 ring mail.
   889 | D:1      | 889 ||| DROPPING +0 leather armour.
   890 | D:1      | 890 ||| UPGRADING to +6 ring of strength.
   891 | D:1      | 891 ||| UPGRADING to ring of protection from cold.
   892 | D:1      | 892 ||| READING scroll labelled UMOANA PEACAWA.
   893 | D:1      | 893 ||| READING scroll labelled PEUJU QUJY.
   894 | D:1      | 894 ||| DROPPING scroll of butterflies.
   944 | D:2      | 944 ||| Stepping ~*~*~tactically~*~*~ (retreating).
   945 | D:2      | 945 ||| Stepping ~*~*~tactically~*~*~ (outnumbered).
   951 | D:2      | HP: 3/21 [gnoll/+0 halberd (8)]
   951 | D:2      | Slain by a gnoll

Levels and vault maps discovered:
D:1:      minmay_arrival_pointy, layout_basic, serial_shops,
          nicolae_shop_pleasant_corner_grove,
          dilly_ecumenical_altar_fadedgnrine, minmay_strange_pillars
D:2:      layout_rooms, basic_altar, kennysheep_generic_room_4

Skill      XL: |  1  2  3 |
---------------+----------+-----
Ranged Weapons | 5 |  5.0
Fighting       | |  2.1
Armour         | |  0.1
Dodging        | |  1.5
Stealth        | |  1.1

Action                     || total
---------------------------++-------
   Fire: Shortbow          ||    72
    Use: Scroll            ||     2
 Armour: Leather armour    ||    13
         Ring mail         ||     4
  Dodge: Dodged            ||    17

Table legend:
 A = Non-vault XP
 B = Vault XP
 C = Vault XP percentage of total XP
 D = Non-vault monster count
 E = Vault monster count
 F = Vault count percentage of total count
                 A         B        C        D         E       F
            +---------+---------+-------+---------+---------+-------
      Total |      42 |       0 |   0.0 |      24 |       0 |   0.0
            +---------+---------+-------+---------+---------+-------
        D:1 |      40 |       0 |   0.0 |      23 |       0 |   0.0
        D:2 |       2 |       0 |   0.0 |       1 |       0 |   0.0
            +---------+---------+-------+---------+---------+-------
